AoeStats
← FrankSinatrap

Four Lakes

510155520Analyzed
1v1 RM · 2d ago on Sep 29, 2026· 34m 14s· 2 players
Game mode
Random Map
Map size
Tiny (2 player)
Population
200
Speed
Normal
Resources
Standard
Victory
Conquest
Starting age
Dark Age
Ending age
Imperial Age
RankedLock teamsTeams togetherTeam positionsShared explorationLock speedFull tech treeHidden civsTurbo modeCheats
Victory
Defeat
🇲🇽 Dravidians · Mexico
1336
+15
🇨🇭 Spanish · Switzerland
1314
-15
ErwinEgo1
7:38 Loom
10:04 Feudal Age
16:09 Castle Age
15:33 Bloodlines
21:27 Double-Bit Axe
31:28 Sanctity
FrankSinatrap
6:42 Loom
10:36 Feudal Age
11:31 Fishing Lines
11:46 Double-Bit Axe
17:03 Castle Age
15:03 Gold Mining
17:10 Fletching
17:59 Padded Archer Armor
21:37 Wheelbarrow
21:45 Bodkin Arrow
24:18 Ballistics
25:17 Devotion
26:31 Leather Archer Armor
33:40 Imperial Age
32:01 Husbandry
Connection lost

Rejoining the realm…

Still unreachable

The connection could not be restored.

Session expired

The server has moved on; the page needs a fresh start.